 Dungeon Crawl Stone Soup version 0.24.0-1-gfbc8707 (webtiles) character file.

Game seed: 17357645491665858467, levelgen mode: deterministic

809 bonscott the Grasshopper (level 7, -3/56 HPs)
             Began as a Gnoll Warper on Nov 10, 2019.
             Was an Initiate of Cheibriados.
             Slain by an orc priest
             ... wielding a +0 mace
              (4 damage)
             ... on level 5 of the Dungeon.
             The game lasted 00:20:52 (5328 turns).

bonscott the Grasshopper (Gnoll Warper)             Turns: 5328, Time: 00:20:53

Health: -3/56      AC:  5    Str: 15 (16) XL:     7   Next: 92%
Magic:  15/15      EV: 14    Int: 14 (16) God:    Cheibriados [......]
Gold:   344        SH:  0    Dex: 14 (16) Spells: 2/17 levels left

rFire    . . .     SeeInvis .   J - +4 short sword (venom)
rCold    . . .     Gourm    .   (no shield)
rNeg     . . .     Faith    .   b - +0 leather armour
rPois    .         Spirit   .   C - +0 helmet
rElec    .         Reflect  .   L - +0 cloak
rCorr    .         Harm     .   (no gloves)
MR       .....                  (no boots)
Stlth    ++........             (no amulet)
HPRegen  0.18/turn              (no ring)
MPRegen  0.14/turn              (no ring)

@: flying, very slow
A: distributed training, fangs 1, strong nose
a: Bend Time, Renounce Religion


You were on level 5 of the Dungeon.
You worshipped Cheibriados.
Cheibriados was noncommittal.
You were not hungry.

You visited 2 branches of the dungeon, and saw 6 of its levels.

You collected 344 gold pieces.

Inventory:

Hand Weapons
 t - a +4 short sword
 G - a +3 mace of protection
 J - a +4 short sword of venom (weapon)
 U - a +2 whip of venom
Missiles
 e - 4 boomerangs of dispersal
 p - 59 bolts
 q - 4 javelins
 r - 144 stones (quivered)
 u - 38 arrows
 B - 4 poisoned darts
 N - 28 sling bullets
 S - 4 boomerangs
Armour
 b - a +0 leather armour (worn)
 C - a +0 helmet (worn)
 F - a +0 ring mail
 L - a +0 cloak (worn)
Jewellery
 y - an uncursed ring of flight {unknown}
 P - a +3 ring of protection {unknown}
 T - an uncursed ring of positive energy
Wands
 Q - a wand of digging (6)
 R - a wand of enslavement (9)
Scrolls
 d - a scroll of blinking
 i - a scroll of magic mapping
 m - a scroll of enchant weapon {unknown}
 n - a scroll of fog {unknown}
 o - a scroll of identify
 v - 2 scrolls of teleportation
 w - 3 scrolls of amnesia {unknown}
 z - a scroll of remove curse {unknown}
 A - 2 scrolls of immolation {unknown}
 E - a scroll of enchant armour {unknown}
Potions
 c - a potion of haste {unknown}
 g - 2 potions of curing
 h - a potion of berserk rage {unknown}
 j - a potion of ambrosia {unknown}
 k - 3 potions of brilliance
 l - a potion of degeneration
 x - a potion of resistance {unknown}
 H - a potion of flight
 O - a potion of cancellation {unknown}
Comestibles
 f - 6 rations
 M - 9 chunks of flesh


   Skills:
 + Level 5.4 Fighting
 + Level 2.7 Short Blades
 + Level 5.4 Long Blades
 + Level 2.7 Axes
 + Level 2.7 Maces & Flails
 + Level 2.7 Polearms
 + Level 2.7 Staves
 + Level 2.7 Slings
 + Level 2.7 Bows
 + Level 2.7 Crossbows
 + Level 3.8 Throwing
 + Level 3.8 Armour
 + Level 5.4 Dodging
 + Level 2.7 Stealth
 + Level 2.7 Shields
 + Level 2.7 Unarmed Combat
 + Level 5.7 Spellcasting
 + Level 2.2 Conjurations
 + Level 2.2 Hexes
 + Level 2.2 Charms
 + Level 2.2 Summonings
 + Level 2.2 Necromancy
 + Level 5.9 Translocations
 + Level 2.2 Transmutations
 + Level 2.2 Fire Magic
 + Level 2.2 Ice Magic
 + Level 2.2 Air Magic
 + Level 2.2 Earth Magic
 + Level 2.2 Poison Magic
 + Level 3.0 Invocations
 + Level 2.7 Evocations


You had 2 spell levels left.
You knew the following spells:

 Your Spells              Type           Power        Failure   Level  Hunger
a - Apportation           Tloc           ###...       1%          1    None
b - Blink                 Tloc           N/A          2%          2    #......
c - Animate Skeleton      Necr           N/A          8%          1    None
g - Gell's Gravitas       Tloc           ###.......   5%          3    ###....
l - Lesser Beckoning      Tloc           ###.......   5%          3    ###....
G - Shroud of Golubria    Chrm/Tloc      ###...       5%          2    #......
T - Teleport Other        Tloc           ###.....     5%          3    ###....

Your spell library contained the following spells:

 Spells                   Type           Power        Failure   Level  Hunger
 Beastly Appendage        Tmut           ##....       8%          1    None
 Confusing Touch          Hex            ##....       8%          1    None
 Summon Small Mammal      Summ           ##..         8%          1    None
 Sticks to Snakes         Tmut           ##......     12%         2    #......
 Passage of Golubria      Tloc           N/A          17%         4    ####...
 Spider Form              Tmut/Pois      ##........   24%         3    ###....
 Ice Form                 Ice/Tmut       ##......     61%         4    ####...
 Blade Hands              Tmut           ##........   91%         5    ######.


Dungeon Overview and Level Annotations

Branches:
Dungeon (5/15)             Temple (1/1) D:5

Altars:
Cheibriados
Dithmenos
Kikubaaqudgha
Makhleb
Nemelex Xobeh
Okawaru
Sif Muna
Uskayaw
Vehumet
Wu Jian
Xom
Yredelemnul

Shops:
D:4 %:[

Annotations:
D:5 2 transporters, Sigmund; gilim's ghost, amateur GrFi


Innate Abilities, Weirdness & Mutations

Your experience applies equally to all skills.
You have very sharp teeth.
Your uncanny sense of smell can sniff out nearby items.


Message History

The magic dart hits you!
* * * LOW HITPOINT WARNING * * *
The orc throws a boomerang.
The boomerang closely misses you.
The weapon returns to the orc!
The orc shouts!
The orc priest closely misses you. Something hits you but does no damage.
The orc priest mumbles some strange prayers to Beogh against you.
Pain shoots through your body!
* * * LOW HITPOINT WARNING * * *
It was a potion of degeneration.
There was something very wrong with that liquid.
You feel weakened.
You feel dopey.
You feel clumsy. The orc priest closely misses you.
It was a potion of flight.
You feel very buoyant.
You fly up into the air.
Something hits you!
* * * LOW HITPOINT WARNING * * *
The orc priest hits you with a +0 mace.
You die...

#.##.#
#.......
#.##.#
#..o..#.# ∆ .
#.##.#
###.).<...# #
#.##.#
#.......### #.
#.####....o..#
#.......###.##
#######o###.#
####..o##.#
........o@.#
#####...####
##.## #.# ###
#.# #.# #.#
#.# #. #.# #.#
#.#


You could see an orc priest and 2 orcs.

Vanquished Creatures
  Edmund (D:5)
  An ogre (D:5)
  A phantom (D:4)
  A hound (D:4)
  3 orc wizards
  An orc priest (D:5)
  A jelly (D:5)
  Crazy Yiuf (D:3)
  Terence (D:3)
  3 worker ants
  2 hound skeletons
  Robin (D:3)
  7 adders
  4 worms
  A dart slug (D:1)
  5 leopard geckos
  15 orcs
  A ball python (D:1)
  2 bats
  3 giant cockroaches
  14 goblins
  9 hobgoblins
  8 jackals
  4 kobolds
  2 quokkas
  3 frilled lizards
  A jackal zombie (D:5)
  10 rats
106 creatures vanquished.

Notes
Turn   | Place    | Note
-------+----------+-------------------------------------------
     0 | D:1      | bonscott the Gnoll Warper began the quest for the Orb.
     0 | D:1      | Reached XP level 1. HP: 20/20 MP: 6/6
   176 | D:1      | Reached XP level 2. HP: 20/26 MP: 7/7
   788 | D:2      | Reached skill level 5 in Spellcasting
   788 | D:2      | Reached XP level 3. HP: 24/31 MP: 7/9
   921 | D:2      | Noticed a +0 hand axe
   922 | D:2      | Found a hide-covered altar of Uskayaw.
   922 | D:2      | Noticed a +0 dagger
  1076 | D:2      | Reached skill level 1 in Invocations
  1179 | D:2      | Reached skill level 1 in Short Blades
  1179 | D:2      | Reached skill level 1 in Axes
  1179 | D:2      | Reached skill level 1 in Maces & Flails
  1179 | D:2      | Reached skill level 1 in Polearms
  1179 | D:2      | Reached skill level 1 in Staves
  1179 | D:2      | Reached skill level 1 in Slings
  1179 | D:2      | Reached skill level 1 in Bows
  1179 | D:2      | Reached skill level 1 in Crossbows
  1179 | D:2      | Reached skill level 1 in Stealth
  1179 | D:2      | Reached skill level 1 in Shields
  1179 | D:2      | Reached skill level 1 in Unarmed Combat
  1179 | D:2      | Reached skill level 1 in Evocations
  1183 | D:2      | Learned a level 2 spell: Blink
  1187 | D:2      | Learned a level 3 spell: Gell's Gravitas
  1191 | D:2      | Learned a level 3 spell: Lesser Beckoning
  1194 | D:2      | Learned a level 2 spell: Shroud of Golubria
  1238 | D:2      | Reached XP level 4. HP: 38/38 MP: 11/11
  1963 | D:2      | Reached skill level 1 in Conjurations
  1963 | D:2      | Reached skill level 1 in Hexes
  1963 | D:2      | Reached skill level 1 in Charms
  1963 | D:2      | Reached skill level 1 in Summonings
  1963 | D:2      | Reached skill level 1 in Necromancy
  1963 | D:2      | Reached skill level 1 in Transmutations
  1963 | D:2      | Reached skill level 1 in Fire Magic
  1963 | D:2      | Reached skill level 1 in Ice Magic
  1963 | D:2      | Reached skill level 1 in Air Magic
  1963 | D:2      | Reached skill level 1 in Earth Magic
  1963 | D:2      | Reached skill level 1 in Poison Magic
  2010 | D:2      | Learned a level 3 spell: Teleport Other
  2135 | D:3      | Noticed Robin
  2142 | D:3      | Killed Robin
  2142 | D:3      | Reached XP level 5. HP: 43/43 MP: 2/12
  2969 | D:3      | Noticed Terence
  2987 | D:3      | HP: 2/43 [poisoned by Terence]
  2987 | D:3      | Killed Terence
  2987 | D:3      | Reached XP level 6. HP: 2/50 MP: 13/13
  3260 | D:3      | Found a runed translucent door.
  3261 | D:3      | Noticed Crazy Yiuf
  3271 | D:3      | Killed Crazy Yiuf
  3420 | D:4      | Found Hufeiges's Antique Armour Emporium.
  3487 | D:4      | Found Tufapp's Book Shoppe.
  3571 | D:4      | Reached skill level 5 in Fighting
  3571 | D:4      | Reached skill level 5 in Long Blades
  3571 | D:4      | Reached skill level 5 in Dodging
  3586 | D:4      | Found a shimmering blue altar of Sif Muna.
  3715 | D:4      | Noticed a phantom
  3780 | D:4      | Killed a phantom
  3780 | D:4      | Reached XP level 7. HP: 16/56 MP: 15/15
  4214 | D:4      | Found Vauzure's Food Shoppe.
  4251 | D:5      | Entered Level 5 of the Dungeon
  4719 | D:5      | Found a staircase to the Ecumenical Temple.
  4727 | Temple   | Entered the Ecumenical Temple
  4873 | Temple   | Became a worshipper of Cheibriados the Contemplative
  4918 | D:5      | Found a transporter.
  4920 | D:5      | Identified the +4 dire flail "Miczaeda" {crush, rPois MR++
                  | MP-9}
  4966 | D:5      | Found an ornate altar of the Wu Jian Council.
  5076 | D:5      | Found a transporter.
  5077 | D:5      | Noticed gilim's ghost (amateur GrFi)
  5210 | D:5      | Learned a level 1 spell: Apportation
  5212 | D:5      | Learned a level 1 spell: Animate Skeleton
  5289 | D:5      | Noticed Edmund
  5292 | D:5      | Noticed Sigmund
  5313 | D:5      | Killed Edmund
  5328 | D:5      | HP: 1/56 [something (7)]
  5328 | D:5      | Slain by an orc priest

Levels and vault maps discovered:
D:1:      dpeg_arrival_solitude, layout_rooms, st_stairs_7
D:2:      layout_loops_corners, dancing_weapons_uskayaw
D:3:      layout_loops_ring, minmay_misc_feat_diagonals,
          uniq_crazy_yiuf_cottage, uniq_robin, uniq_terence
D:4:      layout_basic, lemuel_doored_altar, first_ration, serial_shops,
          nicolae_shop_crystal, shop_coins, shop
D:5:      layout_loops_ring, nicolae_qazlal_style_of_elements,
          kennysheep_little_box, minmay_temple_entry_large_hall,
          gammafunk_ghost_smash, minmay_misc_feat_room, sigmund_edmund_badplayer
Temple:   minmay_temple_curvy_loop

Skill      XL: |  1  2  3  4  5  6  7 |
---------------+----------------------+-----
Spellcasting   | 5 |  5.7
Invocations    | 1 2 3 |  3.0
Short Blades   | 1 2 |  2.7
Axes           | 1 2 |  2.7
Maces & Flails | 1 2 |  2.7
Polearms       | 1 2 |  2.7
Staves         | 1 2 |  2.7
Slings         | 1 2 |  2.7
Bows           | 1 2 |  2.7
Crossbows      | 1 2 |  2.7
Stealth        | 1 2 |  2.7
Shields        | 1 2 |  2.7
Unarmed Combat | 1 2 |  2.7
Evocations     | 1 2 |  2.7
Conjurations   | 1 2 |  2.2
Hexes          | 1 2 |  2.2
Charms         | 1 2 |  2.2
Summonings     | 1 2 |  2.2
Necromancy     | 1 2 |  2.2
Transmutations | 1 2 |  2.2
Fire Magic     | 1 2 |  2.2
Ice Magic      | 1 2 |  2.2
Air Magic      | 1 2 |  2.2
Earth Magic    | 1 2 |  2.2
Poison Magic   | 1 2 |  2.2
Throwing       | 3 |  3.8
Armour         | 3 |  3.8
Fighting       | 5 |  5.4
Long Blades    | 5 |  5.4
Dodging        | 5 |  5.4
Translocations | |  5.9

Action                   |  1- 3 |  4- 6 |  7- 9 || total
-------------------------+-------+-------+-------++-------
Melee: Falchion          |    83 |   129 |       ||   212
       Bite              |     6 |    20 |     8 ||    34
       Punch             |       |     1 |       ||     1
       Short sword       |       |    59 |    64 ||   123
 Fire: Hunting sling     |       |     5 |       ||     5
Throw: Boomerang         |     1 |       |       ||     1
       Stone             |    12 |    18 |     4 ||    34
       Dart              |       |    30 |     6 ||    36
       Javelin           |       |     9 |       ||     9
 Cast: Gell's Gravitas   |       |     8 |       ||     8
  Use: Scroll            |       |     3 |       ||     3
       Potion            |       |     1 |     2 ||     3
 Stab: Sleeping          |     2 |     1 |     1 ||     4
  Eat: Chunk             |     1 |     9 |     2 ||    12
       Ration            |       |       |     1 ||     1
Armor: Leather armour    |    15 |    30 |    10 ||    55
Dodge: Dodged            |    50 |   128 |    59 ||   237
       Rpst.: Falchion   |    19 |    20 |       ||    39
